 Dungeon Crawl Stone Soup version 0.19-a0-805-g0a78ef0 (webtiles) character file.

32 Ijustatesigmund the Vexing (level 3, -2/26 HPs)
             Began as a Formicid Arcane Marksman on June 27, 2016.
             Slain by an adder (5 damage)
             ... on level 2 of the Dungeon.
             The game lasted 00:07:15 (789 turns).

Ijustatesigmund the Vexing (FoAM)                    Turns: 789, Time: 00:07:15

Health: -2/26      AC:  2    Str: 15    XL:     3   Next: 42%
Magic:  4/4        EV: 17    Int: 12    God:
Gold:   64         SH:  0    Dex: 16    Spells: 2 memorised, 1 level left

rFire  . . .     SeeInvis +     n - -2 spear (curse)
rCold  . . .     Gourm    .     e - +0 robe
rNeg   . . .     Faith    .     (no shield)
rPois  .         Spirit   .     (helmet unavailable)
rElec  .         Dismiss  .     (no cloak)
rCorr  +         Reflect  .     (no gloves)
SustAt .         Harm     .     (no boots)
MR     +....                    (no amulet)
Stlth  ++........               g - ring of protection from magic
                                h - ring of resist corrosion

@: agile, lethally poisoned (-2 -> -6), somewhat resistant to hostile
enchantments, unstealthy
A: permanent stasis, dig shafts and tunnels, four strong arms, antennae 3
a: Dig, Shaft Self


You were on level 2 of the Dungeon.
You were hungry.

You visited 1 branch of the dungeon, and saw 2 of its levels.

You collected 64 gold pieces.

Inventory:

Hand Weapons
 a - a +0 hunting sling
 k - a +0 dagger
 n - a cursed -2 spear (weapon)
Missiles
 b - 91 stones (quivered)
 d - 17 sling bullets
 j - 2 tomahawks of returning
Armour
 e - a +0 robe (worn)
Jewellery
 g - a ring of protection from magic (right hand)
 h - a ring of resist corrosion (left hand)
 p - an uncursed ring of stealth {unknown}
Scrolls
 r - a scroll of enchant armour {unknown}
Books
 c - a book of Debilitation

   Spells                             Type                      Level
   a - Corona                         Hexes                        1
   b - Slow                           Hexes                        2
   c - Gell's Gravitas                Hexes/Translocation          3
   d - Inner Flame                    Hexes/Fire                   3
   e - Cause Fear                     Hexes                        4
   f - Leda's Liquefaction            Hexes/Earth                  4
Comestibles
 f - 2 bread rations
 q - a meat ration


   Skills:
 + Level 1.5 Fighting
 - Level 2.1 Slings
 - Level 1.7 Dodging
 - Level 1.1 Spellcasting
 - Level 5.0 Hexes


You had one spell level left.
You knew the following spells:

 Your Spells              Type           Power        Failure   Level  Hunger
a - Corona                Hex            ##.....      4%          1    ##.....
b - Slow                  Hex            ##......     8%          2    ###....


Dungeon Overview and Level Annotations

Branches:
Dungeon (2/15)

Altars:


Innate Abilities, Weirdness & Mutations

You are under a permanent stasis effect.
You can dig through walls and to a lower floor.
Your four strong arms can wield two-handed weapons with a shield.
You have a pair of large antennae on your head. (SInv)


Message History

The adder poisons you!
You closely miss the adder.
The adder is almost dead.
* * * LOW HITPOINT WARNING * * *
You feel sick. The adder bites you but does no damage.
It was a potion of magic.
Magic courses through your body.
* * * LOW HITPOINT WARNING * * *
You feel sick. The adder bites you but does no damage.
It was a potion of curing.
You feel better. The adder bites you.
* * * LOW HITPOINT WARNING * * *
You are lethally poisoned!
The adder poisons you! The adder barely misses you.
It was a potion of agility.
You feel agile all of a sudden.
* * * LOW HITPOINT WARNING * * *
You feel sick. The adder misses you.
You hit the adder but do no damage.
The adder is almost dead.
The adder bites you.
You die...

..#..#.....†).#.........
.....#..................
.##............#'#####+#
....##.#.........#
..#.##.#....###..#
..#.##)#....# #..# .
#....#....# #..# .
#.##.#....# #..########
#.##†###### ##@........
#.##.# #S.####### ......
..............# ..##..
......#..####.#
...#........#.#...
#)##.###### # #.### .
#.# #.# #.#


You could see an adder.

Vanquished Creatures
  An ooze (D:1)
  2 dart slugs
  A bat (D:2)
  2 giant cockroaches (D:1)
  7 goblins
  3 hobgoblins (D:1)
  2 kobolds
  2 ball pythons
  2 rats (D:1)
22 creatures vanquished.

Notes
Turn   | Place    | Note
--------------------------------------------------------------
     0 | D:1      | Ijustatesigmund the Formicid Arcane Marksman began the quest for the Orb.
     0 | D:1      | Reached XP level 1. HP: 15/15 MP: 2/2
    86 | D:1      | Reached skill level 4 in Hexes
   118 | D:1      | Reached XP level 2. HP: 21/21 MP: 3/3
   400 | D:1      | Reached XP level 3. HP: 25/26 MP: 2/4
   404 | D:1      | Learned a level 2 spell: Slow
   628 | D:2      | Reached skill level 5 in Hexes
   789 | D:2      | Slain by an adder

Vault maps used:
D:1:      dpeg_arrival_shrine
D:2:      minmay_misc_feat_nine_boxes, uniq_robin

Skill      XL: |  1  2  3 |
---------------+----------+-----
Hexes          | 4 5 |  5.0
Fighting       | |  1.5
Slings         | |  2.1
Dodging        | |  1.7
Spellcasting   | |  1.1

Action                   || total
-------------------------++-------
Melee: Spear             ||    94
 Fire: Hunting sling     ||    23
Throw: Stone             ||     3
 Cast: Corona            ||     6
       Slow              ||     5
 Abil: Dig               ||     1
  Use: Scroll            ||     2
       Potion            ||     4
 Stab: Sleeping          ||     1
Armor: Robe              ||     9
Dodge: Dodged            ||    74
